 Dungeon Crawl Stone Soup version 0.28-a0-662-g1651b1f1e0 (webtiles) character file.

Game seed: 14076676259465508536

42508 funkygono the Thaumaturge (level 14, -13/74 HPs)
             Began as a Gargoyle Fire Elementalist on Oct 13, 2021.
             Was a High Priest of Vehumet.
             Killed by the air
             ... invoked by a wind drake
              (21 damage)
             ... on level 6 of the Lair of Beasts on Oct 15, 2021.
             The game lasted 00:51:24 (19517 turns).

funkygono the Thaumaturge (GrFE)                   Turns: 19517, Time: 00:51:24

Health: -13/74     AC: 25    Str: 13    XL:     14   Next: 20%
Magic:  10/31      EV: 10    Int: 20    God:    Vehumet [*****.]
Gold:   204        SH:  6    Dex:  8    Spells: 17/40 levels left

rFire   + . .      SeeInvis .   u - +3 whip (elec)
rCold   . . .      Faith    .   K - +2 buckler {rC+}
rNeg    + . .      Spirit   .   j - +4 ring mail of the Heron {Harm Dex-2 Stlth+}
rPois   ∞          Reflect  .   C - +2 hat {Will+}
rElec   +          Harm     +   y - +1 cloak {Stlth+}
rCorr   .          Rampage  .   (no gloves)
Will    ++...                   q - +1 pair of boots
Stlth   +++.......              g - amulet of regeneration
HPRegen 1.22/turn               n - +4 ring of slaying
MPRegen 0.22/turn               G - ring of fire

@: flying
A: sickness immunity, AC +10, big wings, negative energy resistance 1,
electricity resistance, torment resistance 1, petrification resistance
a: Renounce Religion


You were on level 6 of the Lair of Beasts.
You worshipped Vehumet.
Vehumet was extremely pleased with you.
You visited 3 branches of the dungeon, and saw 16 of its levels.
You also visited: Sewer.

You collected 876 gold pieces.
You spent 672 gold pieces at shops.

Inventory:

Hand Weapons
 h - a +0 whip
 u - a +3 whip of electrocution (weapon)
Missiles
 e - 547 stones
Armour
 j - the +4 ring mail of the Heron (worn) {Harm Dex-2 Stlth+}
   (You bought it in a shop on level 9 of the Dungeon)

   Dex:       It affects your dexterity (-2).
   Harm:      It increases damage dealt and taken.
   Stlth:     It makes you more stealthy.
 q - a +1 pair of boots (worn)
 y - a +1 cloak of stealth (worn)
 C - a +2 hat of willpower (worn)
 K - a +2 buckler of cold resistance (worn)
Jewellery
 g - an amulet of regeneration (around neck)
 k - a ring of flight
 n - a +4 ring of slaying (left hand)
 s - a ring of resist corrosion
 G - a ring of fire (right hand)
 J - an amulet of reflection
 N - an amulet of magic regeneration
Wands
 b - a wand of digging (16)
 w - a wand of flame (83)
 F - a wand of paralysis (13)
 H - a wand of iceblast (9)
 Q - a wand of mindburst (17)
Scrolls
 a - a scroll of fog
 c - 3 scrolls of amnesia
 f - a scroll of magic mapping
 o - 3 scrolls of acquirement {unknown}
 A - 4 scrolls of fear
 E - 3 scrolls of teleportation
Potions
 d - 4 potions of curing
 i - a potion of magic
 l - 2 potions of flight
 m - 2 potions of degeneration {unknown}
 p - 2 potions of heal wounds
 r - 2 potions of mutation
 t - 2 potions of berserk rage
 x - 3 potions of might
 z - 3 potions of brilliance
 B - a potion of cancellation {unknown}
 D - 2 potions of haste
 L - a potion of invisibility {unknown}


   Skills:
 + Level 3.0 Fighting
 + Level 2.4 Maces & Flails
 + Level 1.6 Armour
 + Level 3.1 Dodging
 - Level 2.1 Stealth
 + Level 2.8 Shields
 * Level 13.6 Spellcasting
 * Level 12.6 Conjurations
 * Level 13.3 Fire Magic
 * Level 8.1 Earth Magic


You had 17 spell levels left.
You knew the following spells:

 Your Spells              Type           Power      Damage    Failure   Level
a - Foxfire               Conj/Fire      100%       2x1d9     1%          1
b - Scorch                Fire           100%       2d10      1%          2
c - Conjure Flame         Conj/Fire      78%        6-21      1%          3
d - Flame Wave            Conj/Fire      78%        3d13      1%          4
e - Sticky Flame          Conj/Fire      78%        2d9       1%          4
h - Sandblast             Erth           92%        2d19      1%          1
j - Stone Arrow           Conj/Erth      100%       3d13      1%          3
k - Lee's Rapid Deconstr  Erth           23%        3d14*     3%          5

Your spell library contained the following spells:

 Spells                   Type           Power      Damage    Failure   Level
 Iron Shot                Conj/Erth      26%        9d6       7%          6
 Dazzling Flash           Conj/Hex       76%        N/A       1%          3
 Inner Flame              Hex/Fire       57%        N/A       1%          3
 Hailstorm                Conj/Ice       38%        3d9       2%          4
 Frozen Ramparts          Ice            26%        1d4       10%         3
 Orb of Destruction       Conj           29%        9d11      16%         7
 Leda's Liquefaction      Hex/Erth       14%        N/A       22%         4
 Gell's Gravitas          Tloc           6%         N/A       34%         3
 Lesser Beckoning         Tloc           13%        N/A       34%         3
 Summon Guardian Golem    Hex/Summ       13%        N/A       34%         3
 Teleport Other           Tloc           13%        N/A       34%         3
 Ice Form                 Ice/Tmut       13%        N/A       75%         4
 Summon Ice Beast         Ice/Summ       13%        N/A       75%         4
 Spellforged Servitor     Conj/Summ      19%        N/A       85%         7
 Agony                    Necr           13%        N/A       97%         5
 Silence                  Hex/Air        6%         N/A       97%         5
 Simulacrum               Ice/Necr       6%         N/A       100%        6
 Statue Form              Tmut/Erth      Unusable   N/A       N/A         6

Dungeon Overview and Level Annotations

Branches:
Dungeon (9/15)             Temple (1/1) D:7            Lair (6/6) D:8
  Swamp (0/4) Lair:3        Snake (0/4) Lair:4        Slime (0/5) Lair:5
    Orc (0/2) D:9           Sewer (visited)

Altars:
Ashenzari
Cheibriados
Dithmenos
Elyvilon
Fedhas
Gozag
Hepliaklqana
Kikubaaqudgha
Makhleb
Nemelex Xobeh
Okawaru
Qazlal
Ru
Sif Muna
Trog
Uskayaw
Vehumet
Wu Jian
Xom
Yredelemnul
Zin
The Shining One
Beogh

Shops:
D:9 [

Annotations:
D:5 1 runed translucent door, corax's ghost, amateur DsMo
D:6 1 runed translucent door, Soel's ghost, novice GrEE
D:7 3 runed translucent doors, emiel's ghost, novice DDNe
D:9 5 runed translucent doors, bmj180's ghost, novice DrCj


Innate Abilities, Weirdness & Mutations

You are immune to sickness and miasma.
Your stone body is resilient. (AC +10)
You are immune to poison.
Your large and strong wings let you fly.
You resist negative energy. (rN+)
You are resistant to electric shocks. (rElec)
You are resistant to unholy torment.
You are immune to petrification.


Message History

The foxfire hits the wind drake.
The wind drake is lightly wounded.
Casting: Foxfire (safe; 1% risk of failure)
Confirm with . or Enter, or press ? or * to list all spells.
You feel a surge of power!
You conjure some foxfire!
Casting: Foxfire (safe; 1% risk of failure)
Confirm with . or Enter, or press ? or * to list all spells.
You feel a surge of power!
You conjure some foxfire!
The wind drake exhales a fierce blast of wind!
You are blown backwards!
Your foxfires are blown away by the wind.
A water moccasin comes into view.
Casting: Foxfire (safe; 1% risk of failure)
Confirm with . or Enter, or press ? or * to list all spells.
Aiming: Stone Arrow (safe; 1% risk of failure)
Press: ? - help, Shift-Dir - straight line, f - wind drake
Aim: a wind drake (lightly wounded, repelling missiles, catching its breath, ally target, 38% to hit)
The stone arrow hits the wind drake!!
The wind drake is heavily wounded.
The foxfire hits the wind drake.
The wind drake is severely wounded.
The foxfire hits the wind drake.
The wind drake is severely wounded.
The foxfire hits the wind drake.
The wind drake is severely wounded.
The foxfire hits the wind drake.
The wind drake is severely wounded.
The wind drake flaps its wings at you. The air twists around and strikes you!!
* * * LOW HITPOINT WARNING * * *
Unknown command.
Casting: Stone Arrow (safe; 1% risk of failure)
Confirm with . or Enter, or press ? or * to list all spells.
Aiming: Stone Arrow (safe; 1% risk of failure)
Press: ? - help, Shift-Dir - straight line, f/p - wind drake
Aim: a wind drake (severely wounded, repelling missiles, 38% to hit)
The wind drake repels the stone arrow!
The wind drake flaps its wings at you. The air twists around and strikes you!!
You die...

....#.###..≈≈##≈ ≈.
......#.$...≈≈≈≈≈≈.
..........P≈≈≈≈.#
#P.....≈≈.##≈≈#
#...#P≈≈#≈≈≈#
###S.##≈≈≈≈.≈#
#...###≈.≈≈≈#≈
#....#.≈≈#≈≈≈≈
##.#..@...≈≈≈≈≈..≈
#......§#...≈≈#.≈#
#.####k####≈≈≈≈≈#≈
# ##...##≈.##≈≈#
####....#...≈≈≈≈#
#..........≈≈≈≈≈#
#..........≈≈.≈≈#
#....#......##≈≈#
#......##....≈##≈≈#


You could see a wind drake (repels missiles) and a water moccasin.

Vanquished Creatures
  Gastronok (D:8)
  Harold (D:8)
  4 hydras
  A catoblepas (Lair:4)
  A two-headed ogre (D:8)
  8 death yaks (Lair:4)
  Pikel (D:6)
  A sea snake (Lair:6)
  A manticore (Lair:6)
  14 elephants
  3 black mambas
  A gargoyle (D:8)
  6 rime drakes
  11 cane toads
  7 komodo dragons
  4 polar bears
  2 trolls
  A wind drake (Lair:6)
  2 snapping turtles (Lair:6)
  3 hornets (Lair:6)
  7 blink frogs
  13 dream sheep
  A tyrant leech (Lair:3)
  Prince Ribbit (D:6)
  Sigmund (D:6)
  3 wyverns
  26 yaks
  4 steam dragons
  2 basilisks
  Menkaure (D:4)
  2 nagas (Lair:4)
  Edmund (D:6)
  2 swamp worms (Lair:3)
  An acid dragon (D:9)
  14 water moccasins
  A hornet zombie (D:7)
  An ice beast (D:5)
  5 orc warriors
  A necrophage (D:3)
  2 ogres
  9 wolves
  5 centaurs
  A phantom (D:5)
  A kobold brigand (D:9)
  9 bullfrogs
  Blork the orc (D:4)
  A gnoll sergeant (D:8)
  2 scorpions (D:6)
  A wyvern skeleton (D:5)
  2 water moccasin skeletons
  7 wights
  6 electric eels
  2 gnoll shamans
  A centaur zombie (D:7)
  A hound (D:6)
  8 orc priests
  A bullfrog skeleton (D:6)
  A centaur skeleton (D:6)
  3 jellies
  3 iguanas
  9 orc wizards
  5 hell rats (Lair:4)
  Robin (D:4)
  A howler monkey zombie (D:9)
  16 gnolls
  4 river rats (Sewer)
  6 adders
  A shadow imp (D:8)
  A white imp (D:8)
  An ufetubus (D:7)
  2 adder skeletons (D:4)
  2 worms
  4 dart slugs
  52 orcs
  7 ball pythons
  8 endoplasms
  3 giant cockroaches
  13 goblins
  5 hobgoblins
  3 jackals (D:4)
  8 kobolds
  4 quokkas
  3 bats (D:1)
  7 frilled lizards (Sewer)
  10 rats
403 creatures vanquished.

Vanquished Creatures (collateral kills)
  9 foxfires
9 creatures vanquished.

Vanquished Creatures (others)
  A bush (Lair:6)
  1543 foxfires
  59 fungi
  133 plants
  2 withered plants (D:6)
1738 creatures vanquished.

Grand Total: 2150 creatures vanquished

Notes
Turn   | Place    | Note
-------+----------+-------------------------------------------
     0 | D:1      | funkygono the Gargoyle Fire Elementalist began the quest
                  | for the Orb.
     0 | D:1      | Reached XP level 1. HP: 10/10 MP: 3/3
   133 | D:1      | Reached XP level 2. HP: 15/15 MP: 1/5
   136 | D:1      | Learned a level 2 spell: Scorch
   343 | D:1      | Found a faded altar of an unknown god.
   839 | D:2      | Reached XP level 3. HP: 19/19 MP: 1/6
   843 | D:2      | Learned a level 3 spell: Conjure Flame
  1298 | D:2      | Found a blossoming altar of Fedhas.
  1441 | D:2      | Reached XP level 4. HP: 24/24 MP: 4/7
  2142 | D:3      | Noticed an ogre
  2152 | D:3      | Killed an ogre
  2152 | D:3      | Noticed a necrophage
  2153 | D:3      | Reached XP level 5. HP: 28/28 MP: 0/9
  2249 | D:3      | Killed a necrophage
  2250 | D:3      | Reached XP level 6. HP: 32/32 MP: 2/11
  2255 | D:3      | Learned a level 4 spell: Flame Wave
  2600 | D:4      | Reached skill level 5 in Fire Magic
  2828 | D:4      | Noticed Menkaure
  2836 | D:4      | Killed Menkaure
  2837 | D:4      | Reached XP level 7. HP: 36/36 MP: 3/13
  3229 | D:4      | Noticed Blork the orc
  3235 | D:4      | Killed Blork the orc
  3439 | D:4      | Noticed Robin
  3443 | D:4      | Killed Robin
  4068 | D:5      | Entered Level 5 of the Dungeon
  4210 | D:5      | Reached skill level 5 in Spellcasting
  4267 | D:5      | Found a runed translucent door.
  4269 | D:5      | Noticed corax's ghost (amateur DsMo)
  4275 | D:5      | Reached XP level 8. HP: 41/41 MP: 9/15
  4791 | D:5      | Identified the +0 leather armour "Mucaroosm" {-Cast +Inv
                  | Dex+8}
  5296 | D:6      | Noticed Prince Ribbit
  5305 | D:6      | Killed Prince Ribbit
  5306 | D:6      | Reached skill level 5 in Conjurations
  5416 | D:6      | Noticed Pikel
  5456 | D:6      | Killed Pikel
  5457 | D:6      | Reached XP level 9. HP: 21/46 MP: 2/19
  5481 | D:6      | Reached skill level 1 in Fighting
  5757 | D:6      | Noticed Sigmund
  5763 | D:6      | Killed Sigmund
  5809 | D:6      | Found a runed translucent door.
  5837 | D:6      | Found a glowing drain.
  5848 | Sewer    | Entered a sewer
  6343 | D:6      | Noticed Soel's ghost (novice GrEE)
  6470 | D:6      | Paralysed by an orc warrior for 4 turns
  6484 | D:6      | Paralysed by an orc warrior for 4 turns
  6904 | D:6      | Noticed Edmund
  6912 | D:6      | Killed Edmund
  7261 | D:7      | Found a runed translucent gate.
  7269 | D:7      | Found a runed translucent gate.
  7297 | D:7      | Found a runed translucent gate.
  7439 | D:7      | Found a snail-covered altar of Cheibriados.
  7494 | D:7      | Found a staircase to the Ecumenical Temple.
  7512 | Temple   | Entered the Ecumenical Temple
  7590 | Temple   | Became a worshipper of Vehumet
  7759 | D:7      | Reached XP level 10. HP: 37/52 MP: 6/22
  8165 | D:7      | Noticed emiel's ghost (novice DDNe)
  8768 | D:8      | Noticed Gastronok
  8803 | D:8      | Killed Gastronok
  8937 | D:8      | Reached * piety under Vehumet
  8937 | D:8      | Offered knowledge of Sandblast by Vehumet.
  8996 | D:8      | Found a stormy altar of Qazlal.
  8998 | D:8      | Found a white marble altar of Elyvilon.
  9040 | D:8      | Noticed Harold
  9058 | D:8      | Killed Harold
  9059 | D:8      | Reached skill level 10 in Fire Magic
  9219 | D:8      | Found a staircase to the Lair.
  9429 | D:8      | Noticed a gargoyle
  9435 | D:8      | Noticed a two-headed ogre
  9453 | D:8      | Killed a gargoyle
  9454 | D:8      | Reached skill level 1 in Maces & Flails
  9454 | D:8      | Reached XP level 11. HP: 19/57 MP: 12/24
  9475 | D:8      | Killed a two-headed ogre
  9476 | D:8      | Reached skill level 10 in Spellcasting
  9943 | D:8      | Learned a level 1 spell: Sandblast
 10113 | D:9      | Found Waim's Antique Armour Shop.
 10121 | D:9      | Bought a glowing cloak for 210 gold pieces
 10216 | D:9      | Found a staircase to the Orcish Mines.
 10242 | D:9      | Reached ** piety under Vehumet
 10242 | D:9      | Offered knowledge of Searing Ray by Vehumet.
 10459 | D:9      | Found a runed translucent gate.
 10460 | D:9      | Found a runed translucent gate.
 10461 | D:9      | Found a runed translucent gate.
 10463 | D:9      | Noticed bmj180's ghost (novice DrCj)
 10474 | D:9      | Found an ornate altar of the Wu Jian Council.
 10523 | D:9      | Offered knowledge of Stone Arrow by Vehumet.
 10659 | D:9      | Reached skill level 1 in Earth Magic
 10798 | D:9      | Reached *** piety under Vehumet
 10965 | D:9      | Found a runed translucent door.
 10965 | D:9      | Found a runed translucent door.
 10965 | D:9      | Noticed a five-headed hydra
 10965 | D:9      | Noticed a tengu warrior
 11240 | D:9      | Learned a level 3 spell: Stone Arrow
 11305 | D:9      | Bought a runed buckler for 210 gold pieces
 11572 | D:8      | Upgraded the game from 0.28-a0-657-g71136c5590 to
                  | 0.28-a0-662-g1651b1f1e0
 11576 | Lair:1   | Entered Level 1 of the Lair of Beasts
 11889 | Lair:1   | Identified the +5 quarterstaff "Useiniy" {drain, Str+3}
 13622 | Lair:3   | Noticed a five-headed hydra
 13629 | Lair:3   | Killed a five-headed hydra
 13630 | Lair:3   | Reached XP level 12. HP: 46/62 MP: 14/27
 13767 | Lair:3   | Offered knowledge of Sticky Flame by Vehumet.
 13826 | Lair:3   | Found a staircase to the Swamp.
 15017 | Lair:3   | Learned a level 4 spell: Sticky Flame
 15023 | Lair:3   | Learned a level 5 spell: Lee's Rapid Deconstruction
 15056 | Lair:4   | Noticed a death yak
 15068 | Lair:4   | Killed a death yak
 15145 | Lair:4   | Noticed a death yak
 15147 | Lair:4   | Noticed a death yak
 15167 | Lair:4   | Killed a death yak
 15200 | Lair:4   | Killed a death yak
 15201 | Lair:4   | Reached skill level 1 in Shields
 15307 | Lair:4   | Reached skill level 10 in Conjurations
 15308 | Lair:4   | Noticed a catoblepas
 15318 | Lair:4   | Killed a catoblepas
 15415 | Lair:4   | Reached skill level 5 in Earth Magic
 15849 | Lair:3   | Reached **** piety under Vehumet
 16148 | Lair:4   | Offered knowledge of Ignite Poison by Vehumet.
 16232 | Lair:4   | Found a staircase to the Snake Pit.
 16567 | Lair:4   | Reached XP level 13. HP: 62/68 MP: 13/29
 17013 | D:9      | Bought a faintly glowing ring mail for 252 gold pieces
 17013 | D:9      | Identified the +4 ring mail of the Heron {Harm Dex-2
                  | Stlth+} (You bought it in a shop on level 9 of the Dungeon)
 17153 | Lair:5   | Found a staircase to the Slime Pits.
 17513 | Lair:5   | Reached skill level 1 in Armour
 18345 | Lair:6   | Entered Level 6 of the Lair of Beasts
 18923 | Lair:6   | Reached ***** piety under Vehumet
 18924 | Lair:6   | Gained mutation: Your large and strong wings let you fly.
                  | [Gargoyle growth]
 18924 | Lair:6   | Reached XP level 14. HP: 74/74 MP: 24/31
 19026 | Lair:6   | Offered knowledge of Iron Shot by Vehumet.
 19517 | Lair:6   | Killed from afar by a wind drake

Illustrated notes

Levels and vault maps discovered:
D:1:      dpeg_arrival_tiny_a, layout_rooms,
          hellmonk_ecumenical_altar_defaced_shrine, minmay_misc_feat_cross,
          chequers_hall_statues_corner_a, minivault_4
D:2:      layout_basic, basic_altar
D:3:      layout_rooms
D:4:      layout_cave_pods, wad_floor_pattern_2, uniq_blork_the_orc,
          uniq_menkaure, uniq_robin
D:5:      layout_gridville, ebering_ghost_sewer_d,
          chequers_serial_rivers_large_a, serial_bayou_crossing
D:6:      layout_loops_ring, cheibrodos_sewer_entry_bend, gammafunk_ghost_grave,
          kennysheep_generic_room_12, uniq_edmund, uniq_prince_ribbit1,
          uniq_sigmund, uniq_pikel
D:7:      layout_rooms, amcnicky_altar_gilded, minmay_temple_entry_glass,
          gammafunk_ghost_icy, kennysheep_cluttered_room
D:8:      minmay_spotlight, layout_rooms, mainiacjoe_overflow_catwalk_spiral,
          david_lair_shrubbed, minmay_radiant, uniq_harold, uniq_gastronok
D:9:      minmay_the_grid_four_pointed_star_mashed
          [minmay_the_grid_triangle_9x9_tough_junction,
          minmay_the_grid_triangle_9x9_steps,
          minmay_the_grid_triangle_9x9_corrupted_corridor,
          minmay_the_grid_triangle_9x9_windchime,
          minmay_the_grid_prize_four_corners], layout_gridville,
          general_overflow_altar, hiddenorc2_lemuel,
          gammafunk_ghost_nasty_kobolds, serial_shops, shop,
          lemuel_flamethrower_2
Temple:   eino_narrow_crystal_temple
Lair:1:   layout_gridlike, grunt_megastairs_3
Lair:2:   layout_concentric_octagons, nicolae_lair_grove_arrangements
Lair:3:   layout_regular_city, minmay_swamp_entry_worms,
          infiniplex_staircase_pool_2, serial_bayou_shore_a, lemuel_fruit_tree
Lair:4:   layout_regular_city, guppyfry_snake_entry_garden,
          portal_ice_cave_rime, grunt_megastairs_4
Lair:5:   layout_gridlike, slime_dummy
Lair:6:   gammafunk_lair_ancient_temple, layout_layer_cave, grunt_megastairs_5

Skill      XL: |  1  2  3  4  5  6  7  8  9 10 11 12 13 14 |
---------------+-------------------------------------------+-----
Fire Magic     | 4 5 6 7 9 10 11 12 13 | 13.3
Spellcasting   | 3 4 5 7 8 9 11 12 13 | 13.6
Conjurations   | 2 3 4 5 6 7 9 10 12 | 12.6
Dodging        | 2 3 |  3.1
Fighting       | 1 2 3 |  3.0
Maces & Flails | 1 2 |  2.4
Earth Magic    | 3 5 7 8 |  8.1
Shields        | 2 |  2.8
Armour         | 1 |  1.6
Stealth        | |  2.1

Action                   |  1- 3 |  4- 6 |  7- 9 | 10-12 | 13-15 || total
-------------------------+-------+-------+-------+-------+-------++-------
Melee: Mace              |    17 |     5 |     9 |       |       ||    31
       Whip              |       |       |    10 |   154 |    34 ||   198
 Cast: Foxfire           |    48 |    66 |   252 |   371 |   176 ||   913
       Scorch            |     2 |     5 |    44 |    62 |     4 ||   117
       Conjure Flame     |       |       |     1 |       |       ||     1
       Stone Arrow       |       |       |       |   105 |    72 ||   177
       Flame Wave        |       |       |       |    13 |     8 ||    21
       Sandblast         |       |       |       |     5 |     1 ||     6
       Sticky Flame      |       |       |       |     2 |     7 ||     9
  Use: Scroll            |     1 |     5 |     8 |     8 |     3 ||    25
       Potion            |       |       |       |     3 |       ||     3
Armor: Robe              |    12 |     2 |    34 |   131 |     2 ||   181
       Ring mail         |       |       |       |       |    59 ||    59
Dodge: Dodged            |    11 |     2 |    52 |   176 |    31 ||   272
Block: Buckler           |       |       |       |    47 |    22 ||    69

Table legend: (Time is in decaauts)
 A = Elapsed time spent in this place.
 B = Non-inter-level travel time spent in this place.
 C = Inter-level travel time spent in this place.
 D = Time resting spent in this place.
 E = Time spent auto-exploring this place.
 F = Levels seen in this place.
 G = Mean time per level.
                   A        B        C        D        E       F      G
               +--------+--------+--------+--------+--------+-----+--------+
         Total |  19675 |  18985 |    690 |   1282 |  13880 |  17 | 1157.4 |
       Dungeon |  11174 |  10733 |    441 |   1040 |   7359 |   9 | 1241.6 |
        Temple |    190 |    176 |     14 |      0 |    161 |   1 |  190.0 |
          Lair |   7797 |   7563 |    234 |    242 |   5982 |   6 | 1299.5 |
         Sewer |    512 |    512 |      0 |      0 |    376 |   1 |  512.0 |
               +--------+--------+--------+--------+--------+-----+--------+

Top non-repeatable levels by time:
  Lair:4: 1909 daAuts
  Lair:3: 1689 daAuts
     D:8: 1612 daAuts
     D:6: 1562 daAuts
     D:9: 1499 daAuts
     D:4: 1404 daAuts
     D:7: 1230 daAuts
  Lair:2: 1209 daAuts
     D:5: 1191 daAuts
  Lair:6: 1172 daAuts
  Lair:5: 1005 daAuts
     D:2: 964 daAuts
     D:3: 898 daAuts
  Lair:1: 812 daAuts
     D:1: 810 daAuts
